NCAA
MISSISSIPPI STATE BULLDOGS @ UTAH UTES
04/25/2023
 
TOP OF THE 1ST
Mississippi State Bulldogs batting - Pitching for Utah Utes : RHP Reynaldo Franco
Pitching: RHP Reynaldo Franco
Batting: RHB Irving Galloway 0-0: Foul Ball, location: 2F
0-1: Foul Ball, location: 2F
0-2: SOLO HOME RUN (Flyball, 89XD), Distance : 432 ft
Batting: SHB Manuel Gaona 0-0: Called Strike
0-1: Ball
1-1: Ground out 4-3 (Groundball, 4)
Batting: RHB Peter Griffith 0-0: Fly out, F8 (Flyball, 8RS)
Batting: RHB Werner Watkins 0-0: Fly out, F9 (Flyball, 9M)
Top of the 1st over - 1 run(s), 1 hit(s), 0 error(s), 0 left on base; Mississippi State 1 - Utah 0
BOTTOM OF THE 1ST
Utah Utes batting - Pitching for Mississippi State Bulldogs : RHP George Nelson
Pitching: RHP George Nelson
Batting: RHB Roy Baker 0-0: Called Strike
0-1: Fly out, F8 (Flyball, 8RM)
Batting: RHB Jasper Gustafson 0-0: Called Strike
0-1: Swinging Strike
0-2: Foul Ball, location: 2F
0-2: Ground out 4-3 (Groundball, 4)
Batting: LHB Felipe Valino 0-0: Ball
1-0: Ground out 4-3 (Groundball, 34)
Bottom of the 1st over - 0 run(s), 0 hit(s), 0 error(s), 0 left on base; Mississippi State 1 - Utah 0
TOP OF THE 2ND
Mississippi State Bulldogs batting - Pitching for Utah Utes : RHP Reynaldo Franco
Batting: RHB Ken McDonald 0-0: Ground out 4-3 (Groundball, 4)
Batting: RHB Steve Baird 0-0: Called Strike
0-1: Swinging Strike
0-2: Ball
1-2: Strikes out swinging
Batting: SHB Jesse Miller 0-0: Foul Ball, location: 2F
0-1: Ball
1-1: SINGLE (Line Drive, 89M)
Batting: RHB Dan Stephens 0-0: Ball
1-0: Foul Ball, location: 2F
1-1: Ball
2-1: Ball
3-1: Base on Balls
Jesse Miller to second
Batting: RHB Larry Beauregard 0-0: Called Strike
0-1: Swinging Strike
0-2: Ball
1-2: Ball
2-2: Strikes out swinging
Top of the 2nd over - 0 run(s), 1 hit(s), 0 error(s), 2 left on base; Mississippi State 1 - Utah 0
BOTTOM OF THE 2ND
Utah Utes batting - Pitching for Mississippi State Bulldogs : RHP George Nelson
Batting: LHB Max Hoskins 0-0: Swinging Strike
0-1: Ball
1-1: Foul Ball, location: 2F
1-2: Strikes out looking
Batting: RHB Octávio Marín 0-0: Ground out 6-3 (Groundball, 6)
Batting: LHB William Butler 0-0: Called Strike
0-1: Ground out 2-3 (Groundball, 23)
Bottom of the 2nd over - 0 run(s), 0 hit(s), 0 error(s), 0 left on base; Mississippi State 1 - Utah 0
TOP OF THE 3RD
Mississippi State Bulldogs batting - Pitching for Utah Utes : RHP Reynaldo Franco
Batting: RHB Irving Galloway 0-0: Ball
1-0: Foul Ball, location: 2F
1-1: Foul Ball, location: 2F
1-2: Strikes out swinging
Batting: SHB Manuel Gaona 0-0: Ball
1-0: Reached on Error, E9 (Flyball, 89S)
Batting: RHB Peter Griffith 0-0: Ball
1-0: Ball
2-0: Ball
3-0: Called Strike
3-1: Called Strike
3-2: Strikes out swinging
Manuel Gaona steals 2nd base
Batter strikes out.
Batting: RHB Werner Watkins 0-0: Ball
1-0: Ball
2-0: Foul Ball, location: 2F
2-1: Ball
3-1: Fly out, F7 (Flyball, 7M)
Top of the 3rd over - 0 run(s), 0 hit(s), 1 error(s), 1 left on base; Mississippi State 1 - Utah 0
BOTTOM OF THE 3RD
Utah Utes batting - Pitching for Mississippi State Bulldogs : RHP George Nelson
Batting: RHB Leon Heath 0-0: Ball
1-0: Called Strike
1-1: Called Strike
1-2: Foul Ball, location: 2F
1-2: Ball
2-2: Ball
3-2: Strikes out swinging
Batting: SHB George Wilder 0-0: Ball
1-0: DOUBLE (Line Drive, 8RM)
Batting: RHB Danny Spode 0-0: Called Strike
0-1: Called Strike
0-2: Ball
Single, Error in OF, E8, batter to second base
George Wilder scores
Batting: RHB Roy Baker 0-0: Called Strike
0-1: Ball
1-1: Ball
2-1: Foul Ball, location: 2F
2-2: Strikes out swinging
Batting: RHB Jasper Gustafson 0-0: Ball
1-0: Ground out U3 (Groundball, 3)
Bottom of the 3rd over - 1 run(s), 2 hit(s), 1 error(s), 1 left on base; Mississippi State 1 - Utah 1
TOP OF THE 4TH
Mississippi State Bulldogs batting - Pitching for Utah Utes : RHP Reynaldo Franco
Batting: RHB Ken McDonald 0-0: Ball
1-0: SINGLE (Line Drive, 89S)
Batting: RHB Steve Baird 0-0: Ball
1-0: Fly out, F9 (Line Drive, 9M)
Batting: SHB Jesse Miller 0-0: Fly out, F6 (Popup, 7LS)
Batting: RHB Dan Stephens 0-0: Called Strike
0-1: Swinging Strike
0-2: Ball
1-2: Strikes out swinging
Top of the 4th over - 0 run(s), 1 hit(s), 0 error(s), 1 left on base; Mississippi State 1 - Utah 1
BOTTOM OF THE 4TH
Utah Utes batting - Pitching for Mississippi State Bulldogs : RHP George Nelson
Batting: LHB Felipe Valino 0-0: DOUBLE (Line Drive, 7LM)
Batting: LHB Max Hoskins 0-0: Foul Ball, location: 2F
0-1: Foul Ball, location: 2F
0-2: Ball
1-2: Ground out 4-3 (Groundball, 4)
Felipe Valino to third
Batting: RHB Octávio Marín 0-0: Ball
1-0: Ball
2-0: Foul Ball, location: 2F
2-1: Called Strike
2-2: Fly out, F8 (Line Drive, 8LM)
Runner from 3rd tags up, OUT at HOME
Bottom of the 4th over - 0 run(s), 1 hit(s), 0 error(s), 0 left on base; Mississippi State 1 - Utah 1
TOP OF THE 5TH
Mississippi State Bulldogs batting - Pitching for Utah Utes : RHP Reynaldo Franco
Batting: RHB Larry Beauregard 0-0: Ball
1-0: Ball
2-0: Ball
3-0: Called Strike
3-1: Swinging Strike
3-2: Base on Balls
Batting: RHB Irving Galloway 0-0: Ball
1-0: Called Strike
1-1: Ball
2-1: Ball
3-1: Base on Balls
Larry Beauregard to second
Batting: SHB Manuel Gaona 0-0: SINGLE (Groundball, 34)
Larry Beauregard to third
Irving Galloway to second
Batting: RHB Peter Griffith 0-0: Grounds into fielders choice 5-2 (Groundball, 5S)
Irving Galloway to third
Manuel Gaona to second
Batting: RHB Werner Watkins 0-0: Fly out, F8 (Flyball, 8LM)
Runner from 3rd tags up, SCORES, no throw
Batting: RHB Ken McDonald 0-0: DOUBLE (Line Drive, 7LM)
Manuel Gaona scores
Peter Griffith to third
Runner from 3rd tries for Home, SAFE, no throw or cutoff
Batting: RHB Steve Baird 0-0: Ball
1-0: Called Strike
1-1: Ball
2-1: Foul Ball, location: 2F
2-2: Ball
3-2: Base on Balls
Batting: SHB Jesse Miller 0-0: Ball
1-0: Foul Ball, location: 2F
1-1: Foul Ball, location: 2F
1-2: Foul Ball, location: 2F
1-2: Ball
2-2: Strikes out looking
Top of the 5th over - 3 run(s), 2 hit(s), 0 error(s), 2 left on base; Mississippi State 4 - Utah 1
BOTTOM OF THE 5TH
Utah Utes batting - Pitching for Mississippi State Bulldogs : RHP George Nelson
Batting: LHB William Butler 0-0: Ball
1-0: Ground out 4-3 (Groundball, 4)
Batting: RHB Leon Heath 0-0: Ball
1-0: Ball
2-0: Ball
3-0: Called Strike
3-1: Base on Balls
Batting: SHB George Wilder 0-0: Ball
1-0: Foul Ball, location: 2F
1-1: DOUBLE (Flyball, 89D)
Leon Heath to third
Runner from 3rd tries for Home, SAFE, no throw or cutoff
Batting: RHB Danny Spode 0-0: Ball
1-0: Ball
2-0: Ball
3-0: Base on Balls
Batting: RHB Roy Baker 0-0: Called Strike
0-1: Called Strike
0-2: Strikes out swinging
Batting: RHB Jasper Gustafson 0-0: Foul Ball, location: 2F
0-1: Foul Ball, location: 2F
0-2: Ball
1-2: Ground out 6-3 (Groundball, 6)
Bottom of the 5th over - 1 run(s), 1 hit(s), 0 error(s), 2 left on base; Mississippi State 4 - Utah 2
TOP OF THE 6TH
Mississippi State Bulldogs batting - Pitching for Utah Utes : RHP Reynaldo Franco
Batting: RHB Dan Stephens 0-0: Ball
1-0: Fly out, F7 (Flyball, 7M)
Pitching: RHP Rick Núñez
Batting: RHB Larry Beauregard 0-0: Swinging Strike
0-1: Swinging Strike
0-2: SINGLE (Line Drive, 8RS)
Batting: RHB Irving Galloway 0-0: Ball
Larry Beauregard steals 2nd base
1-0: Intentional Walk
Batting: SHB Manuel Gaona 0-0: Foul Ball, location: 2F
0-1: Ball
1-1: Swinging Strike
1-2: Ball
2-2: Strikes out swinging
Batting: RHB Peter Griffith 0-0: Swinging Strike
0-1: Fielders Choice at 2nd, 5-4 (Groundball, 56)
Top of the 6th over - 0 run(s), 1 hit(s), 0 error(s), 1 left on base; Mississippi State 4 - Utah 2
BOTTOM OF THE 6TH
Utah Utes batting - Pitching for Mississippi State Bulldogs : RHP George Nelson
Batting: LHB Felipe Valino 0-0: Foul Ball, location: 2F
0-1: Called Strike
0-2: Ball
1-2: Strikes out swinging
Batting: LHB Max Hoskins 0-0: Fly out, F8 (Flyball, 8LM)
Batting: RHB Octávio Marín 0-0: Foul Ball, location: 2F
0-1: Ball
1-1: Ground out 4-3 (Groundball, 4)
Bottom of the 6th over - 0 run(s), 0 hit(s), 0 error(s), 0 left on base; Mississippi State 4 - Utah 2
TOP OF THE 7TH
Mississippi State Bulldogs batting - Pitching for Utah Utes : RHP Rick Núñez
Batting: RHB Werner Watkins 0-0: Called Strike
0-1: Called Strike
0-2: Ball
1-2: Foul Ball, location: 2F
1-2: Strikes out swinging
Batting: RHB Ken McDonald 0-0: Called Strike
0-1: Fly out, F9 (Flyball, 89M)
Batting: RHB Steve Baird 0-0: Ball
1-0: Called Strike
1-1: Ball
2-1: Ground out 5-3 (Groundball, 5L)
Top of the 7th over - 0 run(s), 0 hit(s), 0 error(s), 0 left on base; Mississippi State 4 - Utah 2
BOTTOM OF THE 7TH
Utah Utes batting - Pitching for Mississippi State Bulldogs : RHP George Nelson
Batting: LHB William Butler 0-0: Called Strike
0-1: Called Strike
0-2: SINGLE (Line Drive, 34)
Batting: RHB Leon Heath 0-0: Ball
1-0: Swinging Strike
1-1: Foul Ball, location: 2F
1-2: Ball
2-2: Fly out, F9 (Flyball, 9LM)
Pitching: RHP Miguel Ramírez
Batting: SHB George Wilder 0-0: Ball
1-0: Ball
2-0: Swinging Strike
2-1: Ball
3-1: Fielders Choice at 2nd, 4-6 (Groundball, 34)
Batting: RHB Danny Spode 0-0: Called Strike
0-1: Ball
1-1: Foul Ball, location: 2F
1-2: Strikes out swinging
Bottom of the 7th over - 0 run(s), 1 hit(s), 0 error(s), 1 left on base; Mississippi State 4 - Utah 2
TOP OF THE 8TH
Mississippi State Bulldogs batting - Pitching for Utah Utes : RHP Rick Núñez
Batting: SHB Jesse Miller 0-0: Foul Ball, location: 2F
0-1: Foul Ball, location: 2F
0-2: Ball
1-2: Foul Ball, location: 2F
1-2: Ball
2-2: Ground out 4-3 (Groundball, 4)
Pitching: LHP Michael George
Batting: RHB Dan Stephens 0-0: Ball
1-0: Foul Ball, location: 2F
1-1: Ball
2-1: Foul Ball, location: 2F
2-2: Strikes out looking
Batting: RHB Larry Beauregard 0-0: Called Strike
0-1: Called Strike
0-2: Foul Ball, location: 2F
0-2: Foul Ball, location: 2F
0-2: Foul Ball, location: 2F
0-2: Ball
1-2: Foul Ball, location: 2F
1-2: Strikes out swinging
Top of the 8th over - 0 run(s), 0 hit(s), 0 error(s), 0 left on base; Mississippi State 4 - Utah 2
BOTTOM OF THE 8TH
Utah Utes batting - Pitching for Mississippi State Bulldogs : RHP Miguel Ramírez
Batting: RHB Roy Baker 0-0: Called Strike
0-1: Foul Ball, location: 2F
0-2: Foul Ball, location: 2F
0-2: Ball
1-2: Strikes out swinging
Batting: RHB Jasper Gustafson 0-0: Foul Ball, location: 2F
0-1: Ball
1-1: Swinging Strike
1-2: Ball
2-2: Ball
3-2: Foul Ball, location: 2F
3-2: Foul Ball, location: 2F
3-2: Base on Balls
Pitching: RHP Steve Newman
Batting: LHB Felipe Valino 0-0: Ball
1-0: Called Strike
1-1: Ball
2-1: SINGLE (Groundball, 34D)
Jasper Gustafson to second
Runner from 2nd tries for 3rd, SAFE, throw made to third
Felipe Valino to second
Batting: LHB Max Hoskins 0-0: Ball
1-0: Fly out, F6 (Line Drive, 6)
1-0: Lined into DP, 6-4 (Line Drive, 6)
Bottom of the 8th over - 0 run(s), 1 hit(s), 0 error(s), 1 left on base; Mississippi State 4 - Utah 2
TOP OF THE 9TH
Mississippi State Bulldogs batting - Pitching for Utah Utes : LHP Michael George
Batting: RHB Irving Galloway 0-0: Ball
1-0: Ball
2-0: Swinging Strike
2-1: Swinging Strike
2-2: Strikes out swinging
Batting: SHB Manuel Gaona 0-0: Called Strike
0-1: Fly out, F7 (Line Drive, 78S)
Batting: RHB Peter Griffith 0-0: Ball
1-0: Ball
2-0: Called Strike
2-1: Swinging Strike
2-2: Strikes out looking
Top of the 9th over - 0 run(s), 0 hit(s), 0 error(s), 0 left on base; Mississippi State 4 - Utah 2
BOTTOM OF THE 9TH
Utah Utes batting - Pitching for Mississippi State Bulldogs : RHP Steve Newman
Pitching: RHP Alan Lynch
Now at C: Tony Harris
Batting: RHB Octávio Marín 0-0: Called Strike
0-1: Fly out, F7 (Flyball, 78XD)
Batting: LHB William Butler 0-0: Swinging Strike
0-1: Foul Ball, location: 2F
0-2: Strikes out looking
Batting: RHB Leon Heath 0-0: DOUBLE (Line Drive, 3D)
Batting: SHB George Wilder 0-0: SINGLE (Line Drive, 4MD)
Leon Heath to third
Runner from 3rd tries for Home, SAFE, no throw or cutoff
Pinch Runner at 1st Todd Oliver:
Batting: RHB Danny Spode 0-0: Ball
1-0: Ball
2-0: Called Strike
2-1: Foul Ball, location: 2F
2-2: Foul Ball, location: 2F
2-2: Strikes out swinging
Bottom of the 9th over - 1 run(s), 2 hit(s), 0 error(s), 1 left on base; Mississippi State 4 - Utah 3
This league is powered by Out of the Park Baseball, the baseball management simulation game for PC, Mac and Linux
Wednesday, December 2nd, 2015 - OOTP Baseball 16.8 Build 38